 Seeded DCSS version 0.29-a0-2-g12fcac58f8 (webtiles) character file.

Game seed: 15814994978132999474 (custom seed)

48977 wilfster70 the Severer (level 14, -3/133 HPs)
             Began as a Hill Orc Fighter on Jan 26, 2022.
             Was the Champion of Beogh.
             Slain by a 19-headed hydra (12 damage)
             ... on level 11 of the Dungeon.
             The game lasted 00:46:11 (15925 turns).

wilfster70 the Severer (Hill Orc Fighter)          Turns: 15925, Time: 00:46:12

Health: -3/133     AC: 31    Str: 26    XL:     14   Next: 48%
Magic:  24/24      EV:  7    Int: 10    God:    Beogh [******]
Gold:   1313       SH: 12    Dex: 10    Spells: 13/13 levels left

rFire   + . .      SeeInvis .   a - +8 war axe (venom)
rCold   + . .      Faith    .   c - +0 kite shield "Naneric" {Slay+3}
rNeg    . . .      Spirit   .   C - +5 plate armour {rPois}
rPois   +          Reflect  .   I - +0 hat of Negation {rElec}
rElec   +          Harm     .   l - +2 cloak {rPois}
rCorr   +          Rampage  .   x - +2 pair of gloves of the Well-Known Places {Will+}
Will    ++...                   m - +2 pair of boots
Stlth   ..........              B - amulet of regeneration
HPRegen 1.12/turn               p - ring of the Camelopard {rF+ rCorr Str+4}
MPRegen 0.19/turn               P - ring of protection from cold

@: no status effects
A: walk on water
a: Renounce Religion, Smiting, Recall Orcish Followers, Give Item to Named
Follower, Resurrection


You were on level 11 of the Dungeon.
You worshipped Beogh.
Beogh was exalted by your worship.
You visited 2 branches of the dungeon, and saw 17 of its levels.
You also visited: Bailey and Gauntlet.

You collected 2862 gold pieces.
You spent 1549 gold pieces at shops.

Inventory:

Hand Weapons
 a - a +8 war axe of venom (weapon)
 b - a +1 demon whip of electrocution
 e - a +0 trident
 D - a +3 glaive of protection
 J - the +6 hand crossbow of the Piercing Augurer {vorpal, rElec rC+ Dex+2}
   (You found it in a Gauntlet)

   Any ammunition fired from it inflicts extra damage upon your enemies.
   Dex:       It affects your dexterity (+2).
   rC:        It protects you from cold.
   rElec:     It insulates you from electricity.
 N - a +2 longbow of flaming
Missiles
 K - 5 silver javelins (quivered)
Armour
 c - the +0 kite shield "Naneric" (worn) {Slay+3}
   (You found it on level 2 of the Dungeon)

   Slay:      It affects your accuracy & damage with ranged weapons and melee
   (+3).
 l - a +2 cloak of poison resistance (worn)
 m - a +2 pair of boots (worn)
 x - the +2 pair of gloves of the Well-Known Places (worn) {Will+}
   (You found it on level 11 of the Dungeon)

   Will:      It increases your willpower.
 C - a +5 plate armour of poison resistance (worn)
 I - the +0 hat of Negation (worn) {rElec}
   (You found it in a Gauntlet)

   rElec:     It insulates you from electricity.
Jewellery
 i - a ring of positive energy
 p - the ring of the Camelopard (left hand) {rF+ rCorr Str+4}
   (You found it on level 6 of the Dungeon)

   [ring of protection from fire]

   Str:       It affects your strength (+4).
   rF:        It protects you from fire.
   rCorr:     It protects you from acid and corrosion.
 B - an amulet of regeneration (around neck)
 P - a ring of protection from cold (right hand)
Wands
 n - a wand of flame (22)
 y - a wand of acid (8)
 E - a wand of paralysis (7)
 G - a wand of polymorph (18)
Scrolls
 o - 4 scrolls of amnesia
 r - 3 scrolls of identify
 t - 2 scrolls of summoning
 u - 3 scrolls of fear
 A - 3 scrolls of blinking
 L - 3 scrolls of magic mapping
 M - a scroll of teleportation
Potions
 d - 3 potions of might
 f - 6 potions of brilliance
 g - a potion of cancellation
 h - 3 potions of magic
 j - 12 potions of curing
 k - 3 potions of haste
 q - 10 potions of heal wounds
 s - 6 potions of mutation
 w - 3 potions of ambrosia
 z - 3 potions of flight


   Skills:
 + Level 14.4 Fighting
 - Level 16.0 Axes
 - Level 12.0 Armour
 + Level 13.3 Shields
 * Level 14.2 Invocations


You had 13 spell levels left.
You didn't know any spells.
Your spell library contained the following spells:

 Spells                   Type           Power      Damage    Failure   Level
 Beastly Appendage        Tmut           0%         N/A       99%         1
 Magic Dart               Conj           0%         1d3       99%         1
 Sandblast                Erth           0%         2d4       99%         1
 Blink                    Tloc           0%         N/A       100%        2
 Corpse Rot               Necr/Air       0%         N/A       100%        2
 Ensorcelled Hibernation  Hex/Ice        0%         N/A       100%        2
 Passwall                 Tmut/Erth      0%         N/A       100%        2
 Poisonous Vapours        Pois/Air       0%         N/A       100%        2
 Searing Ray              Conj           0%         2d4       100%        2
 Static Discharge         Conj/Air       0%         N/A       100%        2
 Wereblood                Tmut           0%         N/A       100%        2
 Dazzling Flash           Conj/Hex       0%         N/A       100%        3
 Gell's Gravitas          Tloc           0%         N/A       100%        3
 Lesser Beckoning         Tloc           0%         N/A       100%        3
 Spider Form              Tmut/Pois      0%         N/A       100%        3
 Stone Arrow              Conj/Erth      0%         3d7       100%        3
 Swiftness                Air            0%         N/A       100%        3
 Teleport Other           Tloc           0%         N/A       100%        3
 Airstrike                Air            0%         N/A       100%        4
 Anguish                  Hex/Necr       0%         N/A       100%        4
 Animate Armour           Summ/Erth      0%         N/A       100%        4
 Dispel Undead            Necr           0%         3d6       100%        4
 Fulminant Prism          Conj/Hex       0%         3d6       100%        4
 Iskenderun's Mystic Bla  Conj/Tloc      0%         2d3       100%        4
 Olgreb's Toxic Radiance  Pois           0%         N/A       100%        4
 Sticky Flame             Conj/Fire      0%         2d3       100%        4
 Summon Lightning Spire   Summ/Air       0%         N/A       100%        4
 Alistair's Intoxication  Tmut/Pois      0%         N/A       100%        5
 Blade Hands              Tmut           0%         N/A       100%        5
 Borgnjor's Vile Clutch   Necr/Erth      0%         N/A       100%        5
 Lightning Bolt           Conj/Air       0%         1d11      100%        5
 Eringya's Noxious Bog    Tmut/Pois      0%         N/A       100%        6
 Iron Shot                Conj/Erth      0%         9d1       100%        6
 Starburst                Conj/Fire      0%         6d3       100%        6
 Ozocubu's Refrigeration  Ice            0%         4d5       100%        7
 Borgnjor's Revivificati  Necr           0%         N/A       100%        8
 Ignition                 Fire           0%         3d3       100%        8
 Necromutation            Tmut/Necr      0%         N/A       100%        8
 Death's Door             Necr           0%         N/A       100%        9


Dungeon Overview and Level Annotations

Branches:
Dungeon (11/15)            Temple (0/1) D:7            Lair (6/6) D:10
  Swamp (0/4) Lair:4        Snake (0/4) Lair:2        Slime (0/5) Lair:5
    Orc (0/2) D:9          Bailey (visited)         Gauntlet (visited)

Altars:
Cheibriados
Hepliaklqana
Uskayaw
Wu Jian
The Shining One
Beogh

Shops:
D:2 [   D:6 *=   D:10 (   D:11 [


Message History

The 18-headed hydra barely misses you.
The 18-headed hydra bites you but does no damage. x3
The 18-headed hydra bites you.
The 18-headed hydra bites you but does no damage. x2
You block the 18-headed hydra's attack.
The 18-headed hydra bites you but does no damage.
The 18-headed hydra bites you. You block the 18-headed hydra's attack.
The 18-headed hydra bites you but does no damage.
You block the 18-headed hydra's attack. The 18-headed hydra bites you!
* * * LOW HITPOINT WARNING * * *
The 18-headed hydra bites you.
* * * LOW HITPOINT WARNING * * *
The 18-headed hydra bites you but does no damage.
The 18-headed hydra bites you.
* * * LOW HITPOINT WARNING * * *
The 18-headed hydra bites you.
* * * LOW HITPOINT WARNING * * *
You chop one of the 18-headed hydra's heads off!
The 17-headed hydra grows two more!
You slash the 19-headed hydra!
The 19-headed hydra is poisoned.
The 19-headed hydra is severely wounded.
You block the 19-headed hydra's attack. x2; The 19-headed hydra bites you.
* * * LOW HITPOINT WARNING * * *
The 19-headed hydra bites you but does no damage.
You block the 19-headed hydra's attack.
The 19-headed hydra bites you but does no damage. x3
The 19-headed hydra bites you.
* * * LOW HITPOINT WARNING * * *
The 19-headed hydra bites you.
* * * LOW HITPOINT WARNING * * *
The 19-headed hydra bites you.
* * * LOW HITPOINT WARNING * * *
The 19-headed hydra bites you but does no damage. x4
The 19-headed hydra bites you.
* * * LOW HITPOINT WARNING * * *
The 19-headed hydra bites you.
* * * LOW HITPOINT WARNING * * *
The 19-headed hydra bites you but does no damage.
The 19-headed hydra bites you!
You die...

>....##...รท........#
......ooo..........#
......#............+
...o.##............#
.....##............#
.....##............#
o....##.........o..#
.....##........ooo.#
.....###########@###
###### #.D# #.## #.
.. #+#


You could see a 19-headed hydra (very poisoned, ally target), a friendly orc
warrior, 2 friendly orc wizards and a friendly orc.

Vanquished Creatures
  Nessos (Lair:4)
  A minotaur (Gauntlet)
  Fannar (Lair:3)
  2 boulder beetles
  A hydra (Lair:4)
  A ghost crab (Gauntlet)
  A centaur warrior (D:10)
  2 two-headed ogres
  An anaconda (Lair:6)
  A fire crab (Gauntlet)
  Pikel (D:8)
  3 elephants
  4 cane toads
  A gargoyle (D:10)
  4 torpor snails
  6 black mambas
  2 molten gargoyles (Lair:6)
  An efreet (D:9)
  8 komodo dragons
  An ice devil (Gauntlet)
  2 trolls (D:10)
  A polar bear (Lair:5)
  13 blink frogs
  A slime creature (D:10)
  A dream sheep (Lair:4)
  A shadow (D:10)
  2 wyverns
  A vampire (D:9)
  29 yaks
  2 fire bats (Gauntlet)
  2 steam dragons
  4 vampire mosquitoes (D:10)
  Edmund (D:6)
  2 nagas (Lair:2)
  6 water moccasins
  2 hell hounds (Lair:6)
  2 ice beasts
  6 orc warriors
  A sky beast (D:8)
  2 ogres
  3 black bears
  A necrophage (D:5)
  2 wolves (Lair:3)
  5 centaurs
  A lemure (D:8)
  5 kobold brigands
  Blork the orc (D:6)
  A gnoll sergeant (D:10)
  2 scorpions
  16 bullfrogs
  11 killer bees
  8 wights
  5 howler monkeys
  2 electric eels
  A lava snake (Lair:6)
  7 centaur zombies
  2 jellies
  A centaur skeleton (D:5)
  5 orc priests
  A hound (D:5)
  Jessica (D:3)
  6 iguanas
  6 orc wizards
  8 adders
  4 gnolls
  2 shadow imps
  5 white imps
  An ufetubus (D:5)
  An adder zombie (D:5)
  An adder skeleton (D:5)
  A worm (D:2)
  3 dart slugs
  26 orcs
  4 bats
  4 endoplasms
  4 giant cockroaches
  12 goblins
  9 hobgoblins
  6 jackals (D:1)
  5 quokkas
  5 ball pythons
  4 frilled lizards
  22 kobolds
  5 rats
  A spectral goblin (D:11)
350 creatures vanquished.

Vanquished Creatures (collateral kills)
  A fire dragon (Lair:6)
  2 boulder beetles
  6 hydras
  A death yak (Lair:4)
  Urug (Lair:4)
  A two-headed ogre (D:10)
  A fire crab (Lair:6)
  A swamp dragon (Lair:4)
  9 elephants (Lair:6)
  A molten gargoyle (Lair:6)
  6 black mambas
  A torpor snail (Lair:6)
  6 cane toads
  4 rime drakes
  5 komodo dragons
  A troll (D:9)
  14 blink frogs
  A dream sheep (Lair:4)
  3 wyverns
  15 yaks
  A wraith (D:9)
  A steam dragon (D:9)
  4 basilisks
  9 water moccasins
  3 hell hounds (Lair:6)
  3 orc warriors
  2 wolves
  A centaur (D:8)
  2 kobold brigands
  5 bullfrogs
  A howler monkey (D:9)
  4 lava snakes (Lair:6)
  An orc wizard (D:11)
  A goblin (D:9)
  A bush (Lair:4)
119 creatures vanquished.

Vanquished Creatures (others)
  An orc priest (D:10)
  7 orcs
  25 fungi
  43 plants
76 creatures vanquished.

Grand Total: 545 creatures vanquished

Notes
Turn   | Place    | Note
-------+----------+-------------------------------------------
     0 | D:1      | wilfster70 the Hill Orc Fighter began the quest for the
                  | Orb.
     0 | D:1      | Reached XP level 1. HP: 19/19 MP: 1/1
   193 | D:1      | Reached skill level 3 in Axes
   195 | D:1      | Reached XP level 2. HP: 24/27 MP: 2/2
   504 | D:1      | Reached XP level 3. HP: 25/33 MP: 3/3
   866 | D:1      | Found a faded altar of an unknown god.
  1329 | D:2      | Reached skill level 4 in Axes
  1341 | D:2      | Reached XP level 4. HP: 32/40 MP: 4/4
  1349 | D:2      | Identified the +0 kite shield "Naneric" {Slay+3}
  1673 | D:2      | Found Seluut's Armour Shop.
  1676 | D:2      | Bought a +0 pair of boots for 54 gold pieces
  2213 | D:3      | Noticed Jessica
  2222 | D:3      | Killed Jessica
  2223 | D:3      | Reached XP level 5. HP: 29/47 MP: 5/5
  2234 | D:3      | Got Jessica's Papyrus of Dislocation
  2238 | D:3      | Reached skill level 11 in Axes
  2238 | D:3      | Reached XP level 6. HP: 41/61 MP: 6/6
  2239 | D:3      | Reached skill level 13 in Axes
  2239 | D:3      | Reached XP level 7. HP: 47/70 MP: 7/7
  2659 | D:3      | Identified the +7 leather armour of Distant Shores {rN+}
  2726 | D:3      | Became a worshipper of Beogh the Brigand
  3696 | D:4      | Reached skill level 1 in Invocations
  3802 | D:4      | You fall into a shaft and drop 3 floors!
  3813 | D:7      | Reached XP level 8. HP: 77/78 MP: 8/8
  3827 | D:7      | Found a glowing golden altar of the Shining One.
  3936 | D:7      | Found a staircase to the Ecumenical Temple.
  4094 | D:7      | Reached * piety under Beogh
  4631 | D:6      | Noticed Blork the orc
  4640 | D:6      | Killed Blork the orc
  4644 | D:6      | Identified the ring of the Camelopard {rF+ rCorr Str+4}
  4917 | D:5      | Entered Level 5 of the Dungeon
  5171 | D:2      | Bought a +2 cloak of poison resistance for 222 gold pieces
  5310 | D:5      | Reached XP level 9. HP: 84/84 MP: 10/10
  5473 | D:5      | Reached ** piety under Beogh
  5607 | D:6      | Found Limiss's Sacrilege Store.
  5719 | D:6      | Reached skill level 14 in Axes
  5765 | D:6      | Found Lanasm's Jewellery Shop.
  5993 | D:6      | Noticed Edmund
  6000 | D:6      | Killed Edmund
  6157 | D:8      | Reached *** piety under Beogh
  6333 | D:8      | Noticed a two-headed ogre
  6343 | D:8      | Killed a two-headed ogre
  6344 | D:8      | Reached skill level 10 in Fighting
  6344 | D:8      | Reached XP level 10. HP: 73/93 MP: 12/12
  6596 | D:8      | Noticed Pikel
  6602 | D:8      | Killed Pikel
  7067 | D:9      | Found a flagged portal.
  7127 | Bailey   | Entered a bailey
  7459 | Bailey   | Found an iron altar of Okawaru.
  8143 | D:9      | Found a staircase to the Orcish Mines.
  8160 | D:9      | Found a roughly hewn altar of Beogh.
  8332 | D:9      | Reached **** piety under Beogh
  8528 | D:9      | Reached skill level 15 in Axes
  8528 | D:9      | Reached skill level 5 in Invocations
  8528 | D:9      | Reached XP level 11. HP: 58/101 MP: 14/14
  8814 | D:10     | Entered Level 10 of the Dungeon
  9048 | D:10     | Noticed a two-headed ogre
  9059 | D:10     | Noticed a two-headed ogre
  9069 | D:10     | Killed a two-headed ogre
  9070 | D:10     | Killed a two-headed ogre
  9071 | D:10     | Reached skill level 10 in Armour
  9380 | D:10     | Noticed a centaur warrior
  9385 | D:10     | Reached skill level 10 in Shields
  9389 | D:10     | Killed a centaur warrior
  9511 | D:10     | Reached ***** piety under Beogh
  9592 | D:10     | Found a staircase to the Lair.
  9605 | D:10     | Found Piwut's Weapon Shop.
  9708 | D:6      | Bought a +1 demon whip of electrocution for 623 gold pieces
  9824 | Lair:1   | Entered Level 1 of the Lair of Beasts
  9833 | Lair:1   | Reached skill level 16 in Axes
  9973 | Lair:1   | Reached XP level 12. HP: 93/110 MP: 15/17
 10225 | Lair:1   | Identified the +9 flail "Jied" {vorpal, rPois rF- Int+2}
 10250 | Lair:1   | Gained Urtork as an ally
 10400 | Lair:1   | Found an ornate altar of the Wu Jian Council.
 10400 | Lair:1   | Found a hide-covered altar of Uskayaw.
 10400 | Lair:1   | Noticed a boulder beetle
 10409 | Lair:1   | Killed a boulder beetle
 10758 | Lair:2   | Found a staircase to the Snake Pit.
 11097 | Lair:2   | Found a snail-covered altar of Cheibriados.
 11282 | Lair:3   | Noticed an eight-headed hydra
 11283 | Lair:3   | Noticed an eight-headed hydra
 11291 | Lair:3   | Killed an eight-headed hydra
 11294 | Lair:3   | Killed a seven-headed hydra
 11299 | Lair:3   | Noticed Fannar
 11304 | Lair:3   | Gained Blodwig as an ally
 11314 | Lair:3   | Killed Fannar
 11373 | Lair:3   | Found a gate leading to a gauntlet.
 11385 | Gauntlet | Entered a Gauntlet
 11385 | Gauntlet | Found a transporter.
 11385 | Gauntlet | Found a transporter.
 11389 | Gauntlet | Found a transporter.
 11389 | Gauntlet | Found a transporter.
 11389 | Gauntlet | Found a transporter.
 11389 | Gauntlet | Found a transporter.
 11414 | Gauntlet | Found a transporter.
 11437 | Gauntlet | Found a runed translucent door.
 11450 | Gauntlet | Found a transporter.
 11450 | Gauntlet | Found a transporter.
 11513 | Gauntlet | Found a transporter.
 11515 | Gauntlet | Noticed a ghost crab
 11516 | Gauntlet | Noticed a death yak
 11517 | Gauntlet | Noticed a death yak
 11517 | Gauntlet | Noticed a death yak
 11521 | Gauntlet | Noticed a death scarab
 11523 | Gauntlet | Identified the +0 hat of Negation {rElec}
 11545 | Gauntlet | Found a transporter.
 11555 | Gauntlet | Killed a ghost crab
 11556 | Gauntlet | Reached XP level 13. HP: 49/118 MP: 18/20
 11626 | Gauntlet | Identified the +6 hand crossbow of the Piercing Augurer
                  | {vorpal, rElec rC+ Dex+2}
 11633 | Gauntlet | Found a transporter.
 11641 | Gauntlet | Noticed a minotaur
 11648 | Gauntlet | Killed a minotaur
 12092 | Lair:4   | Found a staircase to the Swamp.
 12101 | Lair:4   | Gained Gorbash as an ally
 12105 | Lair:4   | Reached ****** piety under Beogh
 12390 | Lair:4   | Noticed Urug
 12400 | Lair:4   | Killed Urug
 12401 | Lair:4   | Reached skill level 10 in Invocations
 12505 | Lair:4   | Noticed Nessos
 12512 | Lair:4   | Killed Nessos
 13222 | Lair:5   | Identified a scroll of acquirement
 13223 | Lair:5   | Acquired 868 gold pieces
 13458 | Lair:5   | Found a staircase to the Slime Pits.
 14106 | Lair:6   | Entered Level 6 of the Lair of Beasts
 14318 | Lair:6   | Reached XP level 14. HP: 130/130 MP: 23/23
 15024 | Lair:6   | Found a large runed translucent door.
 15032 | Lair:6   | Found a large runed translucent door.
 15667 | D:11     | Identified the +2 pair of gloves of the Well-Known Places
                  | {Will+}
 15823 | D:11     | Found Toupp's Antique Armour Shop.
 15840 | D:11     | Bought a shiny plate armour for 650 gold pieces
 15862 | D:11     | Found a hazy altar of Hepliaklqana.
 15925 | D:11     | Slain by a 19-headed hydra

Illustrated notes

Levels and vault maps discovered:
D:1:      lightli_arrival_statue_moat, layout_basic,
          dilly_ecumenical_altar_fadedgnrine
D:2:      layout_basic, serial_shops, nicolae_shop_behind_doors, hex_tiny
D:3:      layout_basic, kennysheep_jessica_study
D:4:      layout_layer_cave
D:5:      layout_rooms, minmay_fountain_box, minmay_pentangle
D:6:      layout_rooms, serial_shops, shop, nicolae_evil_shop, uniq_edmund,
          uniq_blork_the_orc
D:7:      layout_loops_cross, nicolae_overflow_crystal_walls,
          minmay_temple_entry_waves
D:8:      layout_rooms, chequers_arboretum, grunt_ministairs_8, uniq_pikel
D:9:      layout_roguey, minmay_orc_entry_temple_small, enter_bailey_5
D:10:     wad_guarded_room, layout_rooms, serial_shops, nicolae_shop_stone
D:11:     layout_roguey, serial_shops, nicolae_shop_overgrown_old_shop,
          nicolae_hepliaklqana_monster_ancestors, uniq_psyche
Lair:1:   layout_regular_city, cheibrodos_lair_caveside_slide,
          nzn_masters_of_martial_movement, grunt_megastairs_1,
          serial_bayou_shore_a, infiniplex_staircase_pool
Lair:2:   layout_small_grid, guppyfry_snake_entry_garden,
          kennysheep_snail_temple
Lair:3:   layout_loops_ring, gauntlet_entry_generic, serial_bayou_pond_d,
          grunt_megastairs_5, uniq_fannar
Lair:4:   nzn_winding_woodlands_stair_cross [nzn_winding_woodlands_5x15_parted,
          nzn_winding_woodlands_center_lodge, nzn_winding_woodlands_5x15_twine,
          nzn_winding_woodlands_hourglass, nzn_winding_woodlands_5x5_perimeter,
          nzn_winding_woodlands_5x15_pool, nzn_winding_woodlands_center_garden,
          nzn_winding_woodlands_5x15_default], layout_hall_layers,
          minmay_swamp_entry_reptiles, chequers_serial_rivers_room_b,
          fungi_pond_lemuel, uniq_nessos, uniq_urug
Lair:5:   layout_concentric_octagons, slime_dummy, nzn_sisyphean_effort
Lair:6:   cheibrodos_lair_end_hotspot, layout_layer_cave,
          chequers_serial_rivers_micro_b

Skill      XL: |  1  2  3  4  5  6  7  8  9 10 11 12 13 14 |
---------------+-------------------------------------------+-----
Axes           | 3 4 11 13 14 15 16 | 16.0
Fighting       | 4 7 9 10 11 12 13 14 | 14.4
Armour         | 4 7 8 9 10 11 12 | 12.0
Shields        | 4 7 8 9 10 11 12 13 | 13.3
Invocations    | 1 2 3 5 6 9 12 14 | 14.2

Action                   |  1- 3 |  4- 6 |  7- 9 | 10-12 | 13-15 || total
-------------------------+-------+-------+-------+-------+-------++-------
Melee: War axe           |    97 |    45 |   208 |   336 |   252 ||   938
       Unarmed           |       |       |       |     2 |       ||     2
       Demon whip        |       |       |       |     9 |       ||     9
Invok: Convert to Beogh  |       |       |     1 |       |       ||     1
       Recall Orcish Fol |       |       |       |     2 |       ||     2
       Stop Recall       |       |       |       |     2 |       ||     2
       Smiting           |       |       |       |       |     4 ||     4
       Give Item to Name |       |       |       |       |     2 ||     2
  Use: Potion            |       |     3 |     1 |     2 |     1 ||     7
       Scroll            |       |       |    20 |     3 |     8 ||    31
 Stab: Distracted        |       |       |       |     2 |     2 ||     4
Armor: Scale mail        |    36 |    32 |    86 |       |       ||   154
       Chain mail        |       |       |     5 |    88 |       ||    93
       Skin              |       |       |       |     6 |       ||     6
       Plate armour      |       |       |       |   106 |   212 ||   318
Dodge: Dodged            |    44 |    28 |    74 |   105 |    63 ||   314
Block: Buckler           |    16 |     4 |       |       |       ||    20
       Kite shield       |       |    18 |   114 |   178 |   162 ||   472

Table legend: (Time is in decaauts)
 A = Elapsed time spent in this place.
 B = Non-inter-level travel time spent in this place.
 C = Inter-level travel time spent in this place.
 D = Time resting spent in this place.
 E = Time spent auto-exploring this place.
 F = Levels seen in this place.
 G = Mean time per level.
                   A        B        C        D        E       F      G
               +--------+--------+--------+--------+--------+-----+--------+
         Total |  15898 |  15131 |    767 |   3799 |   5692 |  19 |  836.7 |
       Dungeon |   9774 |   9256 |    518 |   2446 |   3619 |  11 |  888.5 |
          Lair |   5291 |   5042 |    249 |    775 |   2073 |   6 |  881.8 |
        Bailey |    568 |    568 |      0 |    476 |      0 |   1 |  568.0 |
      Gauntlet |    264 |    264 |      0 |    102 |      0 |   1 |  264.0 |
               +--------+--------+--------+--------+--------+-----+--------+

Top non-repeatable levels by time:
     D:9: 1261 daAuts
  Lair:6: 1232 daAuts
     D:1: 1169 daAuts
  Lair:5: 1063 daAuts
     D:8: 1055 daAuts
     D:3: 1053 daAuts
     D:2: 1019 daAuts
    D:10: 961 daAuts
     D:7: 843 daAuts
  Lair:4: 837 daAuts
     D:4: 795 daAuts
  Lair:3: 790 daAuts
  Lair:1: 788 daAuts
     D:6: 744 daAuts
  Lair:2: 579 daAuts
